 Dungeon Crawl Stone Soup version 0.20.1-1-g8b1a95d (webtiles) character file.

81 Jazqa the Skirmisher (level 4, 0/30 HPs)
             Began as a Gargoyle Fighter on Oct 30, 2017.
             Slain by Natasha (5 damage)
             ... on level 1 of the Dungeon.
             The game lasted 00:01:13 (803 turns).

Jazqa the Skirmisher (Gargoyle Fighter)              Turns: 803, Time: 00:01:14

Health: 0/30       AC: 11    Str: 25    XL:     4   Next: 40%
Magic:  4/4        EV:  7    Int:  9    God:
Gold:   62         SH:  9    Dex:  9    Spells: 3/3 levels left

rFire    . . .     SeeInvis .   e - +1 whip (flame)
rCold    . . .     Gourm    .   c - +0 shield
rNeg     + . .     Faith    .   b - +0 scale mail
rPois    ∞         Spirit   .   (no helmet)
rElec    +         Reflect  .   (no cloak)
rCorr    .         Harm     .   (no gloves)
MR       .....                  i - +0 pair of boots
Stlth    ..........             (no amulet)
Regen    0.1/turn               (no ring)
MPRegen  0.1/turn               (no ring)

@: mighty
A: negative energy resistance 1, electricity resistance, unbreathing,
petrification resistance, rot immunity, AC +3
a: no special abilities


You were on level 1 of the Dungeon.
You were not hungry.

You visited 1 branch of the dungeon, and saw 2 of its levels.

You collected 62 gold pieces.


Innate Abilities, Weirdness & Mutations

You are resistant to torment.
Your stone body is resilient. (AC +3)
You are immune to poison.
You resist negative energy. (rN+)
You are resistant to electric shocks. (rElec)
You can survive without breathing.
You are immune to petrification.
You are immune to rotting.


   Skills:
 + Level 4.4 Fighting
 + Level 3.6 Maces & Flails
 - Level 3.2 Armour
 - Level 3.2 Shields


You had 3 spell levels left.
You didn't know any spells.

Inventory:

Hand Weapons
 e - a +1 whip of flaming (weapon)
Armour
 b - a +0 scale mail (worn)
 c - a +0 shield (worn)
 i - a +0 pair of boots (worn)
Scrolls
 a - 2 scrolls of teleportation {unknown}
 h - 3 scrolls of identify {unknown}
Potions
 d - 2 potions of might
 j - a potion of lignification {unknown}
Comestibles
 f - 3 bread rations {@e1}
 g - 3 chunks of flesh

Dungeon Overview and Level Annotations

Branches:
Dungeon (2/15)

Altars:

Annotations:
D:1 Natasha
D:2 Robin

...........# #.# ##.# #.#
## ############ #.#
#..####.# #. #.# #.###...#
#. #.# ##.##..### #.
#.####.....## ##.
#.##....#### #..
######.##.#.####### #.#
#.......h.........# ###.#
#......5@)..#####.###...#
#............# #..##.###
#####..####..#####..#.##
#)####........#....#
####>##............####
##..))).....PP......# #
##....##..#...♣......#####
##...#....###..P♣.....#...#
# #......####
#...P.....#.8.'


You could see Natasha and a white imp.


Message History

Your shield and scale mail prevent you from hitting Natasha.
You block Natasha's attack.
You hit Natasha. You burn Natasha.
Natasha is moderately wounded.
The white imp gestures at you. The puff of frost hits you!
* * * LOW HITPOINT WARNING * * *
Natasha claws you but does no damage.
You closely miss Natasha.
Natasha is moderately wounded.
The white imp gestures at you. The puff of frost hits you!
Natasha stares at you and mumbles some strange words.
You resist with some effort.
You closely miss Natasha.
Natasha is moderately wounded.
The white imp hits you but does no damage.
You block Natasha's attack.
You hit Natasha but do no damage.
Natasha is moderately wounded.
The white imp hits you.
* * * LOW HITPOINT WARNING * * *
The white imp freezes you.
* * * LOW HITPOINT WARNING * * *
Natasha claws you.
* * * LOW HITPOINT WARNING * * *
You feel very mighty all of a sudden.
The white imp hits you but does no damage.
Natasha claws you.
You die...

Skill      XL: |  1  2  3 |
---------------+----------+-----
Fighting       | 4 |  4.4
Maces & Flails | 3 |  3.6
Armour         | |  3.2
Shields        | |  3.2

Action                   |  1- 3 |  4- 6 || total
-------------------------+-------+-------++-------
Melee: Flail             |    14 |       ||    14
       Whip              |    76 |    45 ||   121
  Use: Potion            |       |     1 ||     1
Armor: Scale mail        |    44 |    42 ||    86
Dodge: Dodged            |    28 |    25 ||    53
Block: Shield            |    36 |    27 ||    63

Vault maps used:
D:1:      minmay_arrival_stair_chambers, serial_park_tiny_2, minivault_14
D:2:      uniq_natasha, uniq_robin

Notes
Turn   | Place    | Note
-------+----------+-------------------------------------------
     0 | D:1      | Jazqa the Gargoyle Fighter began the quest for the Orb.
     0 | D:1      | Reached XP level 1. HP: 14/14 MP: 1/1
   100 | D:1      | Reached XP level 2. HP: 19/19 MP: 2/2
   364 | D:1      | Reached XP level 3. HP: 24/24 MP: 3/3
   639 | D:2      | Noticed Natasha
   653 | D:1      | Killed Natasha
   653 | D:1      | Reached skill level 4 in Fighting
   653 | D:1      | Reached skill level 3 in Maces & Flails
   693 | D:2      | Reached XP level 4. HP: 29/29 MP: 4/4
   711 | D:2      | Noticed Robin
   785 | D:1      | Noticed Natasha
   803 | D:1      | Slain by Natasha

Vanquished Creatures
  Natasha (D:1)
  An adder (D:2)
  A dart slug (D:1)
  3 giant cockroaches (D:1)
  13 goblins
  10 hobgoblins
  2 jackals (D:1)
  A frilled lizard (D:1)
  4 kobolds (D:1)
  3 rats (D:1)
39 creatures vanquished.
